 Dungeon Crawl Stone Soup version 0.31.0-12-g77e489cdc1 (webtiles) character file.

Game seed: 9330016180127772058

59945 Aginova the Convoker (level 14, 0/92 HPs)
             Began as a Tengu Summoner on Feb 23, 2024.
             Was an Initiate of Gozag.
             Slain by a sun demon (10 damage)
             ... summoned by an obsidian statue
             ... on level 5 of the Lair of Beasts.
             The game lasted 00:42:48 (20652 turns).

Aginova the Convoker (Tengu Summoner)              Turns: 20652, Time: 00:42:48

Health: 0/92       AC: 12    Str:  9    XL:     14   Next: 97%
Magic:  16/27      EV: 21    Int: 20    God:    Gozag
Gold:   4504       SH:  0    Dex: 15    Spells: 7/29 levels left

rFire   . . .        j - +5 trident (drain)
rCold   + . .        (no shield)
rNeg    . . .        N - +3 robe "Teuxt" {Fly rC+ SInv Archmagi}
rPois   .            (helmet restricted)
rElec   .            x - +1 cloak
rCorr   .            a - +0 pair of gloves
SInv    +            (boots unavailable)
Will    +....        (no amulet)
Stlth   ++           T - +4 ring of protection
HPRegen 0.35/turn    y - +4 ring of slaying
MPRegen 0.20/turn

%: acrobat, archmagi
@: flying, inugami summoned
A: beak, talons 3, evasive flight, acrobatic
a: Renounce Religion, Potion Petition, Call Merchant, Bribe Branch


You were on level 5 of the Lair of Beasts.
You worshipped Gozag.
Gozag was most pleased with you.
You visited 3 branches of the dungeon, and saw 17 of its levels.
You also visited: Bailey.

You collected 4633 gold pieces.
You paid 129 gold pieces to Gozag.


Innate Abilities, Weirdness & Mutations

You have a beak for a mouth.
You have claws for feet.
Your magical flight helps you evade attacks. (EV +4)
You can magically evade attacks while moving or waiting.


   Skills:
 - Level 12.0 Fighting
 - Level 4.0 Short Blades
 - Level 11.0 Polearms
 - Level 10.0 Dodging
 - Level 2.0 Stealth
 - Level 1.0 Unarmed Combat
 + Level 8.0 Spellcasting
 - Level 4.0 Hexes
 - Level 18.0 Summonings
 - Level 3.0 Ice Magic
 - Level 6.0 Air Magic


You had 7 spell levels left.
You knew the following spells:

 Your Spells              Type           Power      Damage    Failure   Level
b - Summon Ice Beast      Ice/Summ       66%        N/A       1%          3
c - Call Canine Familiar  Summ           88%        N/A       0%          3
l - Summon Lightning Spi  Summ/Air       71%        N/A       1%          4
m - Monstrous Menagerie   Summ           44%        N/A       4%          7
v - Summon Mana Viper     Hex/Summ       67%        N/A       2%          5

Your spell library contained the following spells:

 Spells                   Type           Power      Damage    Failure   Level
 Summon Small Mammal      Summ           100%       N/A       0%          1
 Call Imp                 Summ           100%       N/A       0%          2
 Martyr's Knell           Necr/Summ      60%        N/A       1%          4
 Summon Blazeheart Golem  Fire/Summ      60%        N/A       1%          4
 Summon Cactus Giant      Summ           44%        N/A       1%          6
 Jinxbite                 Hex            72%        N/A       2%          2
 Ensorcelled Hibernation  Hex/Ice        66%        N/A       3%          2
 Summon Hydra             Summ           44%        N/A       4%          7
 Cigotuvi's Dreadful Rot  Necr/Alch/Air  48%        N/A       5%          2
 Apportation              Tloc           24%        N/A       9%          1
 Sandblast                Erth           24%        2d8       9%          1
 Lesser Beckoning         Tloc           24%        N/A       13%         2
 Scorch                   Fire           24%        2d6       13%         2
 Sublimation of Blood     Necr           12%        N/A       13%         2
 Fugue of the Fallen      Necr           12%        N/A       26%         3
 Gell's Gravitas          Tloc           12%        N/A       26%         3
 Passwall                 Erth           12%        N/A       26%         3
 Stone Arrow              Conj/Erth      24%        3d8       26%         3
 Teleport Other           Tloc           12%        N/A       26%         3
 Silence                  Hex/Air        21%        N/A       30%         5
 Anguish                  Hex/Necr       12%        N/A       36%         4
 Freezing Cloud           Conj/Ice/Air   15%        6-21      56%         5
 Brom's Barrelling Bould  Conj/Erth      12%        2d4       63%         4
 Flame Wave               Conj/Fire      12%        2d6       63%         4
 Ignite Poison            Fire/Alch      12%        N/A       63%         4
 Passage of Golubria      Tloc           12%        N/A       63%         4
 Sticky Flame             Fire/Alch      12%        2d5       63%         4
 Alistair's Intoxication  Alch           8%         N/A       93%         5
 Fireball                 Conj/Fire      6%         3d5       93%         5
 Iskenderun's Battlesphe  Conj           12%        2d7       93%         5
 Conjure Ball Lightning   Conj/Air       15%        3x3d6     98%         6
 Orb of Destruction       Conj           6%         9d6       100%        7
 Ignition                 Fire           6%         3d4       100%        8
 Lehudib's Crystal Spear  Conj/Erth      6%         10d3      100%        8

Inventory:

Hand Weapons
 j - a +5 trident of draining (weapon)
Missiles
 z - 2 throwing nets {=f}
Armour
 a - a +0 pair of gloves (worn)
 q - a +0 leather armour of fire resistance
 x - a +1 cloak (worn)
 G - +0 steam dragon scales
 N - the +3 robe "Teuxt" (worn) {Fly rC+ SInv Archmagi}
   (You found it on level 3 of the Lair of Beasts)

   rC+:       It protects you from cold.
   SInv:      It lets you see invisible.
   Fly:       It grants you flight.
   Archmagi:  It increases the power of your magical spells.
Magical Staves
 f - a staff of earth {!a}
 h - the staff "Z" {rN+ Will+ Str+3 Dex+2 Necro, !a}
   (You found it on level 5 of the Lair of Beasts)

   [staff of death]

   Base accuracy: +5 Base damage: 5 Base attack delay: 1.2 This weapon's minimum
   attack delay (0.6) is reached at skill level 12.
   Str+3:     It affects your strength (+3).
   Dex+2:     It affects your dexterity (+2).
   rN+:       It protects you from negative energy.
   Will+:     It increases your willpower.
   Necro:     It increases the power of your Necromancy spells.
   It falls into the 'Staves' category.
   It is a one-handed weapon.
Jewellery
 y - a +4 ring of slaying (right hand)
 C - a ring of protection from cold
 I - a +6 ring of intelligence
 R - a ring of resist corrosion
 T - a +4 ring of protection (left hand)
 Y - a +4 ring of slaying
Wands
 o - a wand of polymorph (4)
 F - a wand of flame (19)
 M - a wand of roots (3)
 O - a wand of charming (20)
Scrolls
 c - 4 scrolls of amnesia
 g - a scroll of blinking
 l - 6 scrolls of poison
 m - 4 scrolls of vulnerability
 n - a scroll of enchant armour
 s - 2 scrolls of revelation
 B - 2 scrolls of fear
 D - 9 scrolls of teleportation {@r2}
 J - 3 scrolls of fog
 K - a scroll of summoning {unknown}
Potions
 b - 3 potions of magic
 d - 6 potions of brilliance
 e - 2 potions of heal wounds {@q2}
 i - 2 potions of lignification
 k - 9 potions of curing {@q1}
 p - a potion of haste {@q3}
 r - 2 potions of might
 t - 2 potions of mutation
 v - 2 potions of attraction
 w - 2 potions of cancellation
 A - 2 potions of invisibility
 E - 5 potions of enlightenment
 H - a potion of resistance {unknown}
 L - a potion of ambrosia {unknown}
Miscellaneous
 u - a lightning rod (4/4)

Dungeon Overview and Level Annotations

Branches:
Dungeon (11/15)            Temple (1/1) D:4            Lair (5/5) D:8
  Swamp (0/4) Lair:3        Snake (0/4) Lair:2        Slime (0/5) Lair:5
 Bailey (visited)
    Orc: D:9-12

Altars:
Ashenzari
Cheibriados
Dithmenos
Elyvilon
Fedhas
Gozag
Hepliaklqana
Kikubaaqudgha
Makhleb
Nemelex Xobeh
Okawaru
Qazlal
Ru
Sif Muna
Trog
Uskayaw
Vehumet
Wu Jian
Xom
Yredelemnul
Zin
The Shining One
Jiyva

Annotations:
Lair:5 exclusion: obsidian statue

.......# ▒......▒ ▒▒▒▒.▒▒▒~.▒▒▒
#P.....▒▒ ▒8.)PP.▒▒▒▒....▒~~~~.▒▒
#......▒▒▒▒▒▒▒▒▒'▒P...▒▒▒▒.≈≈≈≈▒8
#......▒▒)▒ ▒.▒.▒▒▒▒.8▒.~≈≈≈'.
##..#..▒▒+▒ ▒...▒..)..'..~≈~'.
###.###♣8♣ ▒8..▒....8▒▒.~~▒▒8 ###
#P..♣♣▒▒▒▒''▒''▒▒▒▒▒▒▒▒▒▒▒
##...P##.#......▒ ♣...h3@....#▒▒
♣♣....S...#▒ ♣♣#8#..#.▒ ▒▒▒▒▒▒▒▒


You could see a sun demon (summoned, ally target), a friendly lightning spire
(summoned), a friendly mana viper (summoned) and a friendly inugami (summoned).


Message History

Your inugami hits the sun demon but does no damage.
The sun demon misses you.
Unknown command.
Casting: Call Canine Familiar (safe; 0% risk of failure)
Confirm with . or Enter, or press ? or * to list all spells.
You feel a surge of power!
A mana viper appears with a sibilant hiss.
Your inugami closely misses the sun demon.
Your lightning spire shoots out a bolt of lightning at the sun demon!
The bolt of electricity hits the withered plant!
The bolt of electricity hits the sun demon.
The sun demon resists.
The bolt of electricity hits the sun demon.
The sun demon resists.
The bolt of electricity hits the withered plant!!
The bolt of electricity hits your lightning spire.
The sun demon barely misses you.
Your lightning spire shoots out a bolt of lightning at the sun demon!
The bolt of electricity hits the sun demon!
The sun demon resists.
The bolt of electricity hits the sun demon.
The sun demon resists.
Unknown command.
You miss the sun demon.
The sun demon is severely wounded.
The withered plant crumbles away.
The sun demon hits you!
* * * LOW HITPOINT WARNING * * *
You are engulfed in flames!
You die...
Your body crumbles into a pile of gold.

Skill      XL: |  1  2  3  4  5  6  7  8  9 10 11 12 13 14 |
---------------+-------------------------------------------+-----
Fighting       | 1 2 5 6 8 10 12 | 12.0
Summonings     | 5 6 7 8 10 12 13 16 18 | 18.0
Spellcasting   | 3 5 6 8 |  8.0
Unarmed Combat | 1 |  1.0
Short Blades   | 2 3 4 |  4.0
Ice Magic      | 2 3 |  3.0
Air Magic      | 6 |  6.0
Polearms       | 3 10 11 | 11.0
Hexes          | 3 4 |  4.0
Dodging        | 5 10 | 10.0
Stealth        | |  2.0

Action                     |  1- 3 |  4- 6 |  7- 9 | 10-12 | 13-15 || total
---------------------------+-------+-------+-------+-------+-------++-------
  Melee: Dagger            |    22 |       |       |       |       ||    22
         Kick              |    20 |    24 |    45 |   107 |   179 ||   375
         Unarmed           |     2 |       |       |       |       ||     2
         Short sword       |    68 |    76 |   118 |       |       ||   262
         Peck              |     8 |    17 |    26 |    60 |   105 ||   216
         Punch             |       |     1 |     2 |     4 |     9 ||    16
         Trident           |       |       |     5 |   461 |   480 ||   946
   Cast: Summon Small Mamm |    11 |     2 |       |       |       ||    13
         Call Canine Famil |     2 |     4 |    15 |    14 |    15 ||    50
         Summon Ice Beast  |       |       |    20 |    22 |    20 ||    62
         Summon Lightning  |       |       |     6 |    40 |    49 ||    95
         Summon Mana Viper |       |       |       |       |    10 ||    10
    Use: Scroll            |       |       |     5 |    18 |     5 ||    28
         Potion            |       |       |       |     1 |     1 ||     2
   Stab: Sleeping          |     7 |     3 |       |     7 |     6 ||    23
         Distracted        |       |       |       |    14 |    13 ||    27
 Armour: Robe              |    32 |    21 |    33 |   138 |   149 ||   373
  Dodge: Dodged            |    65 |    33 |    56 |   227 |   296 ||   677

Levels and vault maps discovered:
D:1:      dpeg_arrival_prison, layout_loops_cross,
          nicolae_ecumenical_lake_church
D:2:      layout_rooms, minivault_11
D:3:      layout_basic, nicolae_kite_square_tiling_tiny, minmay_vboxes
D:4:      layout_cave_pods, minmay_temple_entry_junction, minmay_misc_feat_x,
          nicolae_zen_rock_garden, uniq_natasha, uniq_crazy_yiuf_cottage,
          uniq_sigmund
D:5:      layout_basic, mainiacjoe_overflow_cross_hatched
D:6:      layout_basic, mainiacjoe_overflow_chevrons, uniq_edmund, uniq_pikel
D:7:      layout_basic, uniq_jeremiah
D:8:      layout_rooms, nicolae_overflow_quartered_altars,
          grunt_lair_entry_orc_guard_hut, special_room [special_room_orc],
          nrook_uturn, hangedman_feature_mirror, uniq_maggie, uniq_psyche
D:9:      layout_loops_corners
D:10:     layout_loops_ring, enter_bailey_5, uniq_grum
D:11:     layout_rooms
Temple:   nicolae_temple_bog_church
Lair:1:   layout_cave_shapes, gauntlet_entry_generic, grunt_megastairs_2
Lair:2:   layout_long_grid, minmay_snake_entry_guardpost_small
Lair:3:   layout_loops_ring, mainiacjoe_swamp_entry_angry_trees
Lair:4:   layout_regular_city, grunt_forest_small_clearings,
          chequers_serial_rivers_small_3, tgw_fedhas
Lair:5:   due_jungle_book, layout_regular_city, slime_entry_1,
          infiniplex_staircase_pool_2, lemuel_fruit_tree

Notes
Turn   | Place    | Note
-------+----------+-------------------------------------------
     0 | D:1      | Aginova the Tengu Summoner began the quest for the Orb.
     0 | D:1      | Reached XP level 1. HP: 10/10 MP: 4/4
    73 | D:1      | Reached skill level 1 in Fighting
   150 | D:1      | Reached XP level 2. HP: 16/16 MP: 6/6
   483 | D:1      | Reached skill level 2 in Fighting
   505 | D:1      | Reached skill level 5 in Summonings
   754 | D:1      | Reached XP level 3. HP: 21/21 MP: 7/7
   869 | D:1      | Found a faded altar of an unknown god.
  1093 | D:2      | Learned a level 3 spell: Call Canine Familiar
  1388 | D:2      | Reached skill level 6 in Summonings
  1415 | D:2      | Reached XP level 4. HP: 26/26 MP: 3/8
  1433 | D:2      | Reached skill level 3 in Spellcasting
  1746 | D:3      | Reached XP level 5. HP: 28/30 MP: 6/10
  1791 | D:3      | Reached skill level 1 in Unarmed Combat
  1940 | D:3      | Reached skill level 1 in Short Blades
  2328 | D:3      | Learned a level 3 spell: Summon Ice Beast
  2355 | D:4      | Found a staircase to the Ecumenical Temple.
  2381 | Temple   | Entered the Ecumenical Temple
  2390 | D:4      | Noticed Natasha
  2399 | D:4      | Killed Natasha
  2454 | D:4      | Noticed Natasha
  2460 | D:4      | Killed Natasha
  2461 | D:4      | Reached skill level 2 in Short Blades
  2461 | D:4      | Reached XP level 6. HP: 35/35 MP: 11/11
  2535 | D:4      | Noticed Sigmund
  2547 | D:4      | Killed Sigmund
  2548 | D:4      | Reached skill level 3 in Short Blades
  2548 | D:4      | Reached skill level 7 in Summonings
  2548 | D:4      | Reached skill level 1 in Ice Magic
  2572 | D:4      | Reached skill level 2 in Ice Magic
  2639 | D:4      | Gained mutation: Your magical flight helps you evade
                  | attacks. (EV +4) [Tengu growth]
  2639 | D:4      | Reached XP level 7. HP: 40/40 MP: 12/12
  2821 | D:4      | Found a runed translucent door.
  2822 | D:4      | Noticed Crazy Yiuf
  2897 | D:4      | Noticed Natasha
  2900 | D:4      | Killed Natasha
  3324 | D:4      | Killed Crazy Yiuf
  3325 | D:4      | Reached skill level 4 in Short Blades
  3325 | D:4      | Reached skill level 3 in Ice Magic
  3420 | D:5      | Entered Level 5 of the Dungeon
  3633 | D:5      | Found a hide-covered altar of Uskayaw.
  3653 | D:5      | Reached skill level 8 in Summonings
  3880 | D:5      | Reached XP level 8. HP: 42/44 MP: 5/13
  3888 | D:5      | Reached skill level 9 in Summonings
  4263 | D:5      | Learned a level 4 spell: Summon Lightning Spire
  4417 | D:6      | Reached skill level 1 in Air Magic
  4419 | D:6      | Reached skill level 2 in Air Magic
  4459 | D:6      | Found the +3 pair of mountain boots {steadfast, rC+}
  4561 | D:6      | Reached skill level 3 in Air Magic
  4687 | D:6      | Reached skill level 10 in Summonings
  4687 | D:6      | Reached skill level 4 in Air Magic
  4831 | D:6      | Reached skill level 5 in Air Magic
  4856 | D:6      | Reached skill level 6 in Air Magic
  5002 | D:6      | Found a white marble altar of Elyvilon.
  5035 | D:6      | Reached XP level 9. HP: 32/48 MP: 7/14
  5139 | D:6      | Noticed Edmund
  5159 | D:6      | Killed Edmund
  5493 | D:6      | Reached skill level 11 in Summonings
  5545 | D:6      | Noticed Pikel
  5561 | D:6      | Killed Pikel
  5562 | D:6      | Reached skill level 12 in Summonings
  6012 | D:7      | Reached skill level 3 in Fighting
  6012 | D:7      | Noticed Jeremiah
  6022 | D:7      | Killed Jeremiah
  6023 | D:7      | Reached skill level 4 in Fighting
  6232 | D:7      | Reached skill level 5 in Fighting
  6232 | D:7      | Reached skill level 1 in Polearms
  6340 | D:7      | Noticed a hornet
  6360 | D:7      | Reached skill level 2 in Polearms
  6362 | D:7      | Killed a hornet
  6363 | D:7      | Reached skill level 3 in Polearms
  6363 | D:7      | Reached XP level 10. HP: 60/60 MP: 4/15
  6366 | D:7      | Reached skill level 6 in Fighting
  6554 | D:7      | Reached skill level 4 in Polearms
  6932 | D:8      | Found a white marble altar of Elyvilon.
  6941 | D:8      | Reached skill level 5 in Polearms
  7049 | D:8      | Reached skill level 6 in Polearms
  7059 | D:8      | Reached skill level 7 in Polearms
  7106 | D:8      | Noticed a two-headed ogre
  7111 | D:8      | Found a staircase to the Lair.
  7115 | D:8      | Killed a two-headed ogre
  7116 | D:8      | Reached skill level 8 in Polearms
  7265 | D:8      | Identified the +2 leather armour of Makhleb's Hope {rN+++
                  | Will- Str+3 Stlth+}
  7285 | D:8      | Noticed Maggie
  7295 | D:8      | Killed Maggie
  7406 | D:8      | Found a hazy altar of Hepliaklqana.
  7421 | D:8      | Found a shadowy altar of Dithmenos.
  7451 | D:8      | Reached skill level 9 in Polearms
  7516 | D:8      | Found a blossoming altar of Fedhas.
  7601 | D:8      | Found an opulent altar of Gozag.
  7633 | D:8      | Found an iron altar of Okawaru.
  7633 | D:8      | Noticed Psyche
  7638 | D:8      | Killed Psyche
  7680 | D:8      | Became a worshipper of Gozag Ym Sagoz the Greedy
  7731 | D:8      | Reached skill level 10 in Polearms
  7786 | D:8      | Reached XP level 11. HP: 40/64 MP: 16/16
  8071 | D:8      | Learned a level 5 spell: Summon Mana Viper
  8106 | D:9      | Identified the +5 mace of Beape {heavy, rElec rN++ Int-5}
  8756 | D:9      | Reached skill level 1 in Hexes
  9129 | D:10     | Entered Level 10 of the Dungeon
  9129 | D:10     | Noticed Grum
  9140 | D:10     | Reached skill level 3 in Dodging
  9152 | D:10     | Killed Grum
  9430 | D:10     | Noticed a two-headed ogre
  9438 | D:10     | Killed a two-headed ogre
  9558 | D:10     | Found a flagged portal.
  9584 | Bailey   | Entered a bailey
  9970 | Bailey   | Reached skill level 4 in Spellcasting
 10184 | D:10     | Reached skill level 2 in Hexes
 10252 | D:10     | Reached skill level 4 in Dodging
 11185 | D:11     | Reached skill level 11 in Polearms
 11455 | D:11     | Noticed a two-headed ogre
 11467 | D:11     | Killed a two-headed ogre
 11882 | D:11     | Reached skill level 5 in Dodging
 12104 | D:11     | Identified the +7 whip "Jarotiuv" {holy, rPois}
 12111 | D:11     | Reached skill level 3 in Hexes
 12111 | D:11     | Reached skill level 13 in Summonings
 12246 | Lair:1   | Entered Level 1 of the Lair of Beasts
 12255 | Lair:1   | Reached skill level 5 in Spellcasting
 12256 | Lair:1   | Reached XP level 12. HP: 49/70 MP: 10/20
 12261 | Lair:1   | HP: 7/70 [yak (10)]
 12272 | D:8      | Reached skill level 6 in Dodging
 12511 | Lair:1   | Reached skill level 7 in Dodging
 12843 | Lair:1   | Reached skill level 8 in Dodging
 12917 | Lair:1   | Noticed a catoblepas
 12921 | Lair:1   | Reached skill level 9 in Dodging
 12936 | Lair:1   | Killed a catoblepas
 13018 | Lair:1   | Reached skill level 10 in Dodging
 13197 | Lair:1   | Reached skill level 7 in Fighting
 13282 | Lair:1   | Reached skill level 8 in Fighting
 13454 | Lair:1   | Noticed a death yak
 13459 | Lair:1   | Noticed a death yak
 13459 | Lair:1   | Noticed a death yak
 13461 | Lair:1   | Noticed a death yak
 13466 | Lair:1   | Killed a death yak
 13478 | Lair:1   | Killed a death yak
 13491 | Lair:1   | Killed a death yak
 13492 | Lair:1   | Reached XP level 13. HP: 48/79 MP: 2/21
 13801 | Lair:2   | Reached skill level 9 in Fighting
 13801 | Lair:2   | Reached skill level 14 in Summonings
 13997 | Lair:2   | Found a staircase to the Snake Pit.
 14669 | Lair:2   | Reached skill level 10 in Fighting
 14871 | Lair:2   | Reached skill level 15 in Summonings
 15476 | Lair:3   | Reached skill level 4 in Hexes
 15882 | Lair:3   | HP: 8/82 [spriggan druid/angry trees (19)]
 16329 | Lair:3   | Identified the +3 robe "Teuxt" {Fly rC+ SInv Archmagi}
 16455 | Lair:3   | Reached skill level 16 in Summonings
 16510 | Lair:3   | Found a staircase to the Swamp.
 16893 | Lair:3   | Reached skill level 6 in Spellcasting
 17047 | Lair:4   | Reached XP level 14. HP: 88/88 MP: 24/24
 17945 | Lair:4   | Identified the +6 scale mail "Atzya" {rElec rPois Will+
                  | Stlth-}
 18188 | Lair:4   | Reached skill level 7 in Spellcasting
 18354 | Lair:5   | Entered Level 5 of the Lair of Beasts
 18377 | Lair:5   | Reached skill level 17 in Summonings
 18478 | Lair:5   | Found a staircase to the Slime Pits.
 18478 | Lair:5   | Found a viscous altar of Jiyva.
 19179 | Lair:5   | Noticed a dire elephant
 19179 | Lair:5   | Noticed a dire elephant
 19179 | Lair:5   | Noticed a dire elephant
 19209 | Lair:5   | Noticed a dire elephant
 19224 | Lair:5   | Reached skill level 18 in Summonings
 19225 | Lair:5   | Killed a dire elephant
 19452 | Lair:5   | Reached skill level 11 in Fighting
 19456 | Lair:5   | Identified the staff "Z" {rN+ Will+ Str+3 Dex+2 Necro}
 19858 | Lair:5   | Killed a dire elephant
 19878 | Lair:5   | Killed a dire elephant
 19879 | Lair:5   | Killed a dire elephant
 19880 | Lair:5   | Reached skill level 12 in Fighting
 19888 | Lair:5   | Learned a level 7 spell: Monstrous Menagerie
 20031 | Lair:5   | Got Enebu's Incunabulum of the Energetic Boggart
 20512 | Lair:5   | Reached skill level 8 in Spellcasting
 20652 | Lair:5   | Slain by a sun demon

Vanquished Creatures
  6 hydras
  A two-headed ogre (D:11)
  3 death yaks (Lair:1)
  2 skysharks
  A spectral anaconda (Lair:5)
  A spriggan druid (Lair:3)
  3 necromancers (Lair:5)
  A dire elephant zombie (Lair:5)
  8 elephants
  3 black mambas
  7 cane toads
  A rime drake (Lair:5)
  Maggie (D:8)
  An unseen horror (D:11)
  12 komodo dragons
  A troll (D:11)
  12 blink frogs
  A spectral elephant (Lair:5)
  Sigmund (D:4)
  2 shadows (D:10)
  7 wyverns
  A wraith (D:11)
  14 yaks
  Grum (D:10)
  A death yak simulacrum (Lair:5)
  2 vampire mosquitoes (D:11)
  2 nagas (Lair:2)
  A spectral cane toad (Lair:5)
  2 acid dragons (D:11)
  10 water moccasins
  2 ice beasts (D:6)
  6 orc warriors
  2 sky beasts (D:6)
  2 black bears (D:8)
  An ogre (D:4)
  18 wolves
  3 centaurs
  An elephant zombie (Lair:5)
  A phantom (D:6)
  A kobold brigand (D:9)
  11 bullfrogs
  2 gnoll sergeants
  3 scorpions
  2 cane toad simulacra (Lair:5)
  5 wights
  A killer bee (D:11)
  6 howler monkeys
  A jelly (D:6)
  An orc priest (D:9)
  Crazy Yiuf (D:4)
  Natasha (twice) (D:4)
  9 orc wizards
  8 hell rats
  10 gnolls
  2 adders
  2 white imps
  2 ufetubi (D:6)
  A ribbon worm (D:3)
  31 orcs
  7 ball pythons
  4 endoplasms
  7 giant cockroaches
  8 goblins
  9 hobgoblins
  2 jackals (D:1)
  4 quokkas
  4 bats
  5 frilled lizards
  25 kobolds
  2 rats (D:1)
323 creatures vanquished.

Vanquished Creatures (collateral kills)
  4 dire elephants (Lair:5)
  2 hydras
  2 two-headed ogres
  A catoblepas (Lair:1)
  A death yak (Lair:1)
  A spriggan druid (Lair:3)
  Pikel (D:6)
  A necromancer (Lair:5)
  An oklob plant (Lair:4)
  A dire elephant zombie (Lair:5)
  15 elephants
  A black mamba (Lair:5)
  A gargoyle (D:11)
  5 cane toads
  Jeremiah (D:7)
  3 komodo dragons
  Psyche (D:8)
  2 hornets
  14 blink frogs
  A spectral elephant (Lair:5)
  16 yaks
  2 wyverns
  A basilisk (Lair:2)
  A steam dragon (D:8)
  2 spectral cane toads (Lair:5)
  2 nagas (Lair:2)
  A death yak simulacrum (Lair:5)
  Edmund (D:6)
  2 water moccasins
  A sky beast (D:7)
  7 orc warriors
  An elephant zombie (Lair:5)
  A black bear (D:6)
  2 centaurs
  6 wolves
  5 bullfrogs
  A gnoll sergeant (D:7)
  A cane toad simulacrum (Lair:5)
  4 scorpions
  3 wights (D:10)
  3 killer bees
  A howler monkey (D:8)
  A gnoll bouda (D:5)
  3 jellies
  4 orc priests
  An iguana (D:4)
  Natasha (D:4)
  4 orc wizards
  3 hell rats
  12 gnolls
  An adder (D:2)
  2 ufetubi (D:6)
  A dart slug (D:1)
  23 orcs
  3 goblins
  A hobgoblin (D:3)
  3 kobolds
  2 ball pythons
  A bat (D:1)
189 creatures vanquished.

Vanquished Creatures (others)
  A killer bee (D:11)
1 creature vanquished.

Grand Total: 513 creatures vanquished

Table legend: (Time is in decaauts)
 A = Elapsed time spent in this place.
 B = Non-inter-level travel time spent in this place.
 C = Inter-level travel time spent in this place.
 D = Time resting spent in this place.
 E = Time spent auto-exploring this place.
 F = Levels seen in this place.
 G = Mean time per level.
                   A        B        C        D        E       F      G
               +--------+--------+--------+--------+--------+-----+--------+
         Total |  20326 |  19822 |    504 |   3887 |  12848 |  18 | 1129.2 |
       Dungeon |  12022 |  11587 |    435 |   2247 |   7671 |  11 | 1092.9 |
        Temple |      1 |      1 |      0 |      0 |      0 |   1 |    1.0 |
          Lair |   7733 |   7665 |     68 |   1464 |   4967 |   5 | 1546.6 |
        Bailey |    568 |    568 |      0 |    175 |    209 |   1 |  568.0 |
               +--------+--------+--------+--------+--------+-----+--------+

Top non-repeatable levels by time:
  Lair:5: 2242 daAuts
  Lair:2: 1849 daAuts
     D:8: 1683 daAuts
     D:6: 1478 daAuts
  Lair:4: 1385 daAuts
  Lair:3: 1279 daAuts
    D:10: 1274 daAuts
    D:11: 1190 daAuts
     D:1: 1069 daAuts
     D:9: 1050 daAuts
     D:4: 1048 daAuts
     D:7: 1033 daAuts
  Lair:1: 976 daAuts
     D:5: 951 daAuts
     D:3: 639 daAuts

Table legend:
 A = Non-vault XP
 B = Vault XP
 C = Vault XP percentage of total XP
 D = Non-vault monster count
 E = Vault monster count
 F = Vault count percentage of total count
                 A         B        C        D         E       F
            +---------+---------+-------+---------+---------+-------
      Total |   61168 |   24469 |  28.6 |     376 |     137 |  26.7
            +---------+---------+-------+---------+---------+-------
        D:1 |      43 |       3 |   6.5 |      25 |       2 |   7.4
        D:2 |     117 |       0 |   0.0 |      19 |       0 |   0.0
        D:3 |      69 |      27 |  28.1 |      16 |       6 |  27.3
        D:4 |     271 |     300 |  52.5 |      18 |       3 |  14.3
        D:5 |     623 |       0 |   0.0 |      16 |       0 |   0.0
        D:6 |    1121 |     809 |  41.9 |      19 |       2 |   9.5
        D:7 |    1360 |     370 |  21.4 |      19 |       1 |   5.0
        D:8 |    2352 |    2785 |  54.2 |      10 |      41 |  80.4
        D:9 |    1148 |       0 |   0.0 |      28 |       0 |   0.0
       D:10 |    2172 |     667 |  23.5 |      17 |       9 |  34.6
       D:11 |    3598 |       0 |   0.0 |      30 |       0 |   0.0
     Lair:1 |   13504 |    1279 |   8.7 |      39 |       8 |  17.0
     Lair:2 |    7625 |     652 |   7.9 |      31 |       4 |  11.4
     Lair:3 |    9174 |    2263 |  19.8 |      26 |       5 |  16.1
     Lair:4 |    5992 |       0 |   0.0 |      26 |       0 |   0.0
     Lair:5 |   11999 |   14359 |  54.5 |      37 |      32 |  46.4
     Bailey |       0 |     955 | 100.0 |       0 |      24 | 100.0
            +---------+---------+-------+---------+---------+-------
